 Dungeon Crawl Stone Soup version 0.29-a0-378-gc08b2e8bf8 (webtiles) character file.

Game seed: 9759465449485307236

659532 porpoise the Slayer (level 27, -14/207 HPs)
             Began as a Demonspawn Brigand on Feb 7, 2022.
             Was a High Priest of Nemelex Xobeh.
             Demolished by an Orb Guardian (23 damage)
             ... on level 5 of the Realm of Zot on May 5, 2022.
             The game lasted 12:53:30 (109407 turns).

porpoise the Slayer (Demonspawn Brigand)          Turns: 109407, Time: 12:53:54

Health: -14/207    AC: 46    Str: 21    XL:     27
Magic:  29/35      EV:  8    Int: 20    God:    Nemelex Xobeh [*****.]
Gold:   2400       SH:  0    Dex: 13    Spells: 2/50 levels left

rFire   + + +      SeeInvis +   a - +6 quick blade (drain)
rCold   + + .      Faith    .   G - +6 buckler of Hairiness {Will+}
rNeg    + + .      Spirit   .   p - +7 pearl dragon scales
rPois   +          Reflect  .   L - +1 helmet {SInv}
rElec   +          Harm     .   E - +0 cloak "Lobihep" {rPois rC- Int+5}
rCorr   +          Rampage  .   U - +2 pair of gloves of Mopseudd {rCorr Str+2 Dex-3}
Will    +++++      Rnd*Tele +   (boots unavailable)
Stlth   ++........              r - amulet "Miemelasm" {RegenMP rElec Will++ Regen+ Str-2}
HPRegen 1.24/turn               P - ring "Rasoaqej" {Fly rF+ rC++}
MPRegen 0.64/turn               D - ring "Unykh" {rF++ rC+ rN+ AC+4 Int-3}

@: about to teleport, marked, flying, held, studying Hexes
A: hooves 3, yellow scales 3, foul stench 3, icemail 2, condensation shield,
corrupting presence 2, word of chaos, large bone plates 1, clever 1, clumsy 1,
deterioration 2, frail 1, low MP 1, strong 1, teleportitis 1
}: 3/15 runes: decaying, slimy, gossamer
a: Word of Chaos, Renounce Religion, Draw Escape, Draw Destruction, Draw
Summoning, Triple Draw, Deal Four, Stack Five


You were on level 5 of the Realm of Zot.
You worshipped Nemelex Xobeh.
Nemelex Xobeh was extremely pleased with you.
You visited 12 branches of the dungeon, and saw 56 of its levels.
You visited the Abyss 1 time.
You visited 1 bazaar.

You collected 9348 gold pieces.
You spent 6948 gold pieces at shops.

Inventory:

Hand Weapons
 a - a +6 quick blade of draining (weapon)
 b - the +5 hunting sling "Kozuelit" {venom, rPois}
   (You found it on level 5 of the Pits of Slime)

   Any ammunition fired from it poisons the flesh of those it strikes.
   rPois:     It protects you from poison.
 w - the +5 demon blade "porpoise's Death" {elec, Dex+7 SInv}
   (You acquired it on level 2 of the Realm of Zot)

   It occasionally discharges a powerful burst of electricity upon striking a
   foe.
   Dex:       It affects your dexterity (+7).
   SInv:      It lets you see invisible.
 A - the +7 rapier of the Desolation of Salt {vorpal, rElec Will+ Int+3 Dex+3}
   (You bought it in a shop on level 2 of the Orcish Mines)

   It inflicts extra damage upon your enemies.
   Int:       It affects your intelligence (+3).
   Dex:       It affects your dexterity (+3).
   rElec:     It insulates you from electricity.
   Will:      It increases your willpower.
Missiles
 Z - 7 curare-tipped darts
Armour
 p - +7 pearl dragon scales (worn)
 E - the +0 cloak "Lobihep" (worn) {rPois rC- Int+5}
   (You acquired it on level 11 of the Dungeon)

   Int:       It affects your intelligence (+5).
   rC:        It makes you vulnerable to cold.
   rPois:     It protects you from poison.
 G - the +6 buckler of Hairiness (worn) {Will+}
   (You found it on level 6 of the Dungeon)

   Will:      It increases your willpower.
 L - a +1 helmet of see invisible (worn)
 U - the +2 pair of gloves of Mopseudd (worn) {rCorr Str+2 Dex-3}
   (You found it on level 4 of the Spider Nest)

   Str:       It affects your strength (+2).
   Dex:       It affects your dexterity (-3).
   rCorr:     It protects you from acid and corrosion.
Magical Staves
 d - a staff of conjuration
Jewellery
 r - the amulet "Miemelasm" (around neck) {RegenMP rElec Will++ Regen+ Str-2}
   (You bought it in a shop on level 1 of the Depths)

   [amulet of magic regeneration]

   It increases your rate of magic regeneration.
   Str:       It affects your strength (-2).
   rElec:     It insulates you from electricity.
   Regen:     It increases your rate of health regeneration.
   Will:      It greatly increases your willpower.
 D - the ring "Unykh" (right hand) {rF++ rC+ rN+ AC+4 Int-3}
   (You found it on level 2 of the Lair of Beasts)

   [ring of protection]

   AC:        It affects your AC (+4).
   Int:       It affects your intelligence (-3).
   rF:        It greatly protects you from fire.
   rC:        It protects you from cold.
   rN:        It protects you from negative energy.
 P - the ring "Rasoaqej" (left hand) {Fly rF+ rC++}
   (You found it on level 4 of the Realm of Zot)

   [ring of flight]

   rF:        It protects you from fire.
   rC:        It greatly protects you from cold.
   Fly:       It grants you flight.
Wands
 c - a wand of mindburst (20)
 j - a wand of digging (14)
 v - a wand of acid (8)
 y - a wand of iceblast (38)
 F - a wand of flame (53)
 M - a wand of charming (13)
 O - a wand of paralysis (24)
Scrolls
 g - 5 scrolls of summoning
 i - 10 scrolls of fog
 l - a scroll of immolation
 m - 6 scrolls of vulnerability
 n - a scroll of silence
 q - a scroll of teleportation
 x - 6 scrolls of blinking
 I - 13 scrolls of fear
Potions
 f - 4 potions of resistance
 h - 5 potions of might
 s - 10 potions of attraction
 t - 9 potions of lignification
 u - 3 potions of magic
 z - 16 potions of curing
 C - 6 potions of haste
 J - 10 potions of mutation
 K - 3 potions of brilliance
 R - 6 potions of invisibility
 S - 3 potions of ambrosia
 W - a potion of heal wounds
Miscellaneous
 e - a phial of floods
 B - a lightning rod (4/4)
 H - a condenser vane (inert)
 N - a phantom mirror
 T - a box of beasts
 V - a tin of tremorstones (inert)


   Skills:
 - Level 22.0 Fighting
 - Level 11.0(14.0) Short Blades
 - Level 13.9(15.4) Long Blades
 - Level 2.3(4.3) Slings
 - Level 5.7(6.0) Throwing
 - Level 12.0 Armour
 - Level 14.0 Dodging
 - Level 9.0 Stealth
 + Level 11.1 Shields
 - Level 12.0 Spellcasting
 - Level 14.0 Conjurations
 - Level 16.0 Translocations
 - Level 13.0 Transmutations
 - Level 10.0 Poison Magic
 + Level 19.1 Invocations
 - Level 9.0 Evocations


You had 2 spell levels left.
You knew the following spells:

 Your Spells              Type           Power      Damage    Failure   Level
a - Apportation           Tloc           100%       N/A       1%          1
b - Lesser Beckoning      Tloc           66%        N/A       1%          3
d - Iskenderun's Mystic   Conj/Tloc      64%        2d13      1%          4
g - Gell's Gravitas       Tloc           66%        N/A       1%          3
i - Ignite Poison         Fire/Tmut/Pois 42%        N/A       2%          3
k - Blink                 Tloc           100%       N/A       1%          2
l - Dispersal             Tloc           33%        N/A       3%          6
m - Manifold Assault      Tloc           66%        N/A       1%          5
o - Olgreb's Toxic Radia  Pois           51%        N/A       2%          4
p - Portal Projectile     Hex/Tloc       88%        N/A       1%          3
q - Passwall              Tmut/Erth      31%        N/A       1%          2
r - Irradiate             Conj/Tmut      30%        3d23      1%          5
w - Wereblood             Tmut           59%        N/A       1%          2
x - Alistair's Intoxicat  Tmut/Pois      36%        N/A       4%          5

Your spell library contained the following spells:

 Spells                   Type           Power      Damage    Failure   Level
 Foxfire                  Conj/Fire      100%       2x1d9     1%          1
 Magic Dart               Conj           100%       1d8       1%          1
 Shock                    Conj/Air       100%       1d9       1%          1
 Sting                    Tmut/Pois      100%       1d8       1%          1
 Searing Ray              Conj           100%       2d8       1%          2
 Static Discharge         Conj/Air       40%        N/A       1%          2
 Animate Skeleton         Necr           24%        N/A       17%         1
 Pain                     Necr           48%        1d6       17%         1
 Sandblast                Erth           24%        2d8       17%         1
 Slow                     Hex            48%        N/A       17%         1
 Summon Small Mammal      Summ           48%        N/A       17%         1
 Call Imp                 Summ           12%        N/A       26%         2
 Ensorcelled Hibernation  Hex/Ice        24%        N/A       26%         2
 Sublimation of Blood     Necr           12%        N/A       26%         2
 Mephitic Cloud           Conj/Pois/Air  44%        N/A       1%          3
 Spider Form              Tmut/Pois      55%        N/A       1%          3
 Teleport Other           Tloc           66%        N/A       1%          3
 Iskenderun's Battlesphe  Conj           61%        2d11      1%          5
 Blade Hands              Tmut           29%        N/A       2%          5
 Conjure Flame            Conj/Fire      40%        6-21      3%          3
 Dazzling Flash           Conj/Hex       80%        N/A       3%          3
 Stone Arrow              Conj/Erth      80%        3d12      3%          3
 Flame Wave               Conj/Fire      40%        2d9       10%         4
 Fulminant Prism          Conj/Hex       20%        3d13      10%         4
 Ice Form                 Ice/Tmut       38%        N/A       12%         4
 Petrify                  Tmut/Erth      38%        N/A       12%         4
 Summon Forest            Summ/Tloc      22%        N/A       19%         5
 Eringya's Noxious Bog    Tmut/Pois      27%        N/A       24%         6
 Fireball                 Conj/Fire      20%        3d10      26%         5
 Lightning Bolt           Conj/Air       20%        1d35      26%         5
 Orb of Destruction       Conj           30%        9d10      43%         7
 Call Canine Familiar     Summ           12%        N/A       45%         3
 Confusing Touch          Hex            12%        N/A       45%         3
 Frozen Ramparts          Ice            24%        1d4       45%         3
 Inner Flame              Hex/Fire       12%        N/A       45%         3
 Ozocubu's Armour         Ice            12%        N/A       45%         3
 Summon Guardian Golem    Hex/Summ       12%        N/A       45%         3
 Tukima's Dance           Hex            12%        N/A       45%         3
 Vampiric Draining        Necr           12%        2d6       45%         3
 Dragon Form              Tmut           29%        N/A       56%         7
 Freezing Cloud           Conj/Ice/Air   15%        6-21      58%         5
 Conjure Ball Lightning   Conj/Air       20%        3x3d6     83%         6
 Iron Shot                Conj/Erth      20%        9d5       83%         6
 Starburst                Conj/Fire      20%        6d7       83%         6
 Disjunction              Tloc           33%        N/A       85%         8
 Anguish                  Hex/Necr       6%         N/A       86%         4
 Animate Armour           Summ/Erth      24%        N/A       86%         4
 Cause Fear               Hex            6%         N/A       86%         4
 Leda's Liquefaction      Hex/Erth       6%         N/A       86%         4
 Summon Ice Beast         Ice/Summ       12%        N/A       86%         4
 Summon Lightning Spire   Summ/Air       12%        N/A       86%         4
 Statue Form              Tmut/Erth      25%        N/A       88%         6
 Agony                    Necr           12%        N/A       99%         5
 Excruciating Wounds      Necr           6%         N/A       99%         5
 Lee's Rapid Deconstruct  Erth           6%         3d7*      99%         5
 Metabolic Englaciation   Hex/Ice        6%         N/A       99%         5
 Silence                  Hex/Air        6%         N/A       99%         5
 Summon Mana Viper        Hex/Summ       12%        N/A       99%         5
 Malign Gateway           Summ/Tloc      22%        N/A       99%         7
 Simulacrum               Ice/Necr       6%         N/A       100%        6
 Summon Cactus Giant      Summ           6%         N/A       100%        6
 Enfeeble                 Hex            6%         N/A       100%        7
 Ozocubu's Refrigeration  Ice            6%         4d6       100%        7
 Spellforged Servitor     Conj/Summ      20%        N/A       100%        7
 Storm Form               Tmut/Air       19%        N/A       100%        7
 Summon Hydra             Summ           6%         N/A       100%        7
 Discord                  Hex            6%         N/A       100%        8
 Ignition                 Fire           6%         3d4       100%        8
 Maxwell's Capacitive Co  Air            6%         ∞         100%        8
 Chain Lightning          Conj/Air       20%        3d26      100%        9


Dungeon Overview and Level Annotations

Branches:
Dungeon (15/15)            Temple (1/1) D:6            Lair (6/6) D:8
  Swamp (4/4) Lair:3       Spider (4/4) Lair:2        Slime (5/5) Lair:5
    Orc (2/2) D:12            Elf (3/3) Orc:2        Vaults (4/5) D:14
  Crypt (3/3) Vaults:2       Tomb (0/3) Crypt:3      Depths (4/4) D:15
    Zot (5/5) Depths:4

Altars:
Cheibriados
Dithmenos
Elyvilon
Gozag
Hepliaklqana
Kikubaaqudgha
Makhleb
Nemelex Xobeh
Qazlal
Sif Muna
Uskayaw
Vehumet
Zin
The Shining One
Jiyva

Shops:
Orc:2 (*(*?*   Elf:2 (   Vaults:1 *   Depths:1 =[   Depths:2 [[[   Depths:4 :=:

Portals:
Hell: Depths:1 Depths:2 Depths:3 Depths:4
Abyss: Depths:2 Depths:3
Pandemonium: Depths:2 Depths:3
Ziggurat: Depths:3

Annotations:
D:3 1 runed translucent door, bande's ghost, amateur GrFi
D:8 3 runed translucent doors, lordive's ghost, journeyman TrWr
Slime:5 1 exclusion
Depths:2 asterion poison
Zot:2 2 transporters
Zot:5 1 exclusion


Innate Abilities, Weirdness & Mutations

You have hooves in place of feet.
You are completely covered in yellow scales. (AC +4, rCorr)
You frequently emit foul miasma when damaged in melee.
A meltable icy envelope protects you from harm. (AC +8)
A meltable shield of frost defends you. (SH +4)
Your presence sometimes corrodes or deforms those you injure.
You can speak a Word of Chaos.
You are partially covered in large bone plates. (SH +4)
Your mind is acute. (Int +2)
You are clumsy. (Dex -2)
Your body often deteriorates upon taking damage.
You are frail. (-10% HP)
Your magical capacity is low. (-10% MP)
Your muscles are strong. (Str +2)
You are occasionally teleported next to monsters.


Message History

The moth of wrath goads the Orb Guardian on!
The Orb Guardian goes berserk!
The Orb Guardian closely misses you.
The storm dragon is engulfed in dark miasma.
The storm dragon looks even sicker.
The storm dragon seems to slow down.
The storm dragon bites you!
* * * LOW HITPOINT WARNING * * *
The storm dragon claws you but does no damage.
The storm dragon tramples you.
* * * LOW HITPOINT WARNING * * *
You hold your ground!
The Orb Guardian hits you but does no damage.
The Orb Guardian is engulfed in dark miasma.
The Orb Guardian is poisoned.
The Orb Guardian seems to slow down.
The Orb Guardian hits you!!
* * * LOW HITPOINT WARNING * * *
The moth of wrath goads the Orb Guardian on!
The Orb Guardian goes berserk!
The moth of wrath goads the Orb Guardian on!
The Orb Guardian goes berserk!
The Orb Guardian hits you.
* * * LOW HITPOINT WARNING * * *
You emit a cloud of foul miasma!
You feel much better.
You feel less invigorated.
You feel less confused.
The ancient lich casts a spell.
The ancient lich flickers and vanishes for a moment.
The Orb Guardian hits you!
* * * LOW HITPOINT WARNING * * *
The Orb Guardian is engulfed in dark miasma.
The Orb Guardian is poisoned.
The Orb Guardian seems to slow down.
The Orb Guardian hits you but does no damage.
The storm dragon is engulfed in dark miasma.
The storm dragon looks even sicker.
The storm dragon bites you but does no damage.
The storm dragon barely misses you. The storm dragon tramples you.
* * * LOW HITPOINT WARNING * * *
You hold your ground!
The Orb Guardian is engulfed in dark miasma.
The Orb Guardian looks even sicker.
The Orb Guardian hits you!!
You die...
Your body glows slightly and disappears.

,,,,,,,,,,,,** **,,,,,,
,,,,,,,,,..,,* ▓▓▓▓▓▓▓▓▓ *,,,,,,,
,,,,,,,,,...,*▓▓.....^.▓**,,,,,,,
,,,,,,,,,....▓▓....^....**,,,,,,,
,,,,,,,,,,,..▓..........,*,,,,,,,
,,^,,,,,,,,,.L.....0y^..,,,^,,,,,
,,,,,,,,,,,,,▓XXXXX.....,*,,,,,,,
,,,,,,,,,,,,,*▓DXXDX..).**,,,,,,,
,,,,,,,,,,,,,**▓@XXX...▓**,,,,,,,
,,,,,,,,,,,,,* ▓▓▓▓▓▓▓▓▓ *,,,,,,,
,,,,,,,,^,,,** **,,,,,,
,,,,,,,,,,*** ***,,,, ,,,,,,,****
****, ************ ******
,,,,,,,,^,,*** ***,,^,,
,,,,,,,**,,,,** **,,,,**,
,,,,,,,,***...###########.,,***,,


You could see a shadow dragon, an ancient lich (invisible), a storm dragon (very
poisoned, slow), 11 Orb Guardians and a moth of wrath.

Vanquished Creatures
  2 orbs of fire
  Mara (Crypt:2)
  Khufu (Vaults:2)
  5 ancient liches
  A dread lich (Zot:4)
  A juggernaut (Slime:5)
  The ghost of Adyfi the Wrestler, a veteran TrCK of Xom (Zot:4)
  A royal mummy (Crypt:1)
  A Killer Klown (Zot:5)
  Xtahua (Crypt:1)
  7 caustic shrikes
  3 curse toes
  Nikola (Vaults:1)
  12 golden dragons
  3 bone dragons
  A pearl dragon (Depths:3)
  A shard shrike zombie (Crypt:3)
  12 tentacled monstrosities
  2 electric golems (Zot:1)
  7 liches
  Asterion (Depths:2)
  7 Orb Guardians
  3 deep elf blademasters
  2 quicksilver dragons
  A titan (Vaults:4)
  2 deep elf master archers (Elf:3)
  7 ancient champions
  7 sphinxes
  11 death cobs
  19 acid blobs
  Kirke (Lair:3)
  5 tengu reavers
  11 storm dragons
  9 azure jellies
  9 shadow dragons
  3 draconian monks
  A fenstrider witch (Swamp:3)
  6 frost giants
  3 fire giants
  4 draconian knights
  4 revenants
  10 rockslimes
  A fenstrider witch (shapeshifter) (Depths:2)
  8 emperor scorpions
  5 draconian scorchers
  4 orc warlords
  12 vault wardens
  8 deep elf sorcerers
  An iron dragon (Zot:4)
  Louise (Swamp:2)
  Aizul (Elf:2)
  7 ghost moths
  A deep elf elementalist (Elf:3)
  5 curse skulls
  2 draconian stormcallers (Zot:5)
  18 ironbound preservers
  4 draconian shifters
  10 quicksilver oozes
  4 broodmothers
  A caustic shrike skeleton (Crypt:2)
  9 ghouls
  3 spriggan defenders (Depths:2)
  4 draconian annihilators
  A war gargoyle (Vaults:3)
  10 ironbound thunderhulks
  12 stone giants
  15 very ugly things
  11 green draconians
  A juggernaut skeleton (D:15)
  11 vampire knights
  An ophan (Depths:3)
  13 black draconians
  8 deep elf demonologists
  6 eleionomae
  6 deep elf annihilators (Elf:3)
  2 apis
  5 white draconians
  6 purple draconians
  5 entropy weavers
  7 red draconians
  11 spark wasps
  5 dire elephants
  A minotaur (Elf:3)
  A bunyip (Swamp:3)
  10 yellow draconians
  8 ettins
  9 eidola
  Snorg (D:12)
  A crystal guardian (Vaults:3)
  13 deep elf death magi
  18 jiangshi
  9 fire dragons
  13 great orbs of eyes
  2 deep elf high priests
  3 shambling mangroves
  6 yaktaur captains
  2 spriggan zombies (Crypt:3)
  Fannar (Lair:2)
  5 boulder beetles
  8 rakshasas
  2 peacekeepers
  An ogre mage (D:15)
  6 ice dragons
  2 quicksilver dragon skeletons
  2 jorogumos (Spider:4)
  4 spriggan air magi
  A fenstrider witch zombie (Crypt:2)
  13 vault guards
  3 centaur warriors
  23 hydras
  6 spriggan skeletons
  2 radroaches
  2 catoblepae
  7 death yaks
  6 ghost crabs
  9 alligators
  5 two-headed ogres
  8 ironbound frosthearts
  26 dancing weapons
  An alligator snapping turtle (Zot:5)
  4 death knights
  10 deep troll shamans
  16 vampire magi
  8 spriggan berserkers
  4 deep troll earth magi
  5 hell knights
  A titan zombie (Crypt:2)
  6 tengu warriors
  A sun demon (Abyss:1)
  4 iron trolls
  A wretched star (Abyss:1)
  13 deep elf knights
  4 fire crabs
  72 skeletal warriors
  6 soul eaters
  4 spriggan druids
  A shadow wraith (Crypt:2)
  A bunyip zombie (Crypt:3)
  6 pharaoh ants
  A sun moth (Spider:1)
  2 spatial maelstroms (Abyss:1)
  A sea snake (Vaults:3)
  4 goliath frogs
  2 death drakes (Zot:3)
  6 steelbarb worms
  3 glowing orange brains
  15 swamp dragons
  18 orb spiders
  A steelbarb worm (shapeshifter) (Elf:2)
  9 deep elf archers
  13 flayed ghosts
  9 wizards
  10 bog bodies
  An anaconda skeleton (Crypt:3)
  57 deep trolls
  18 ironbound convokers
  6 starcursed masses (Abyss:1)
  17 phantasmal warriors
  A golden dragon skeleton (Crypt:3)
  9 necromancers
  A lindwurm (shapeshifter) (Abyss:1)
  16 orc knights
  9 cyclopes
  17 lindwurms
  24 deep elf zephyrmancers
  34 ugly things
  A mana viper (Abyss:1)
  A shadow dragon skeleton (Crypt:1)
  25 wolf spiders
  2 frost giant zombies (D:15)
  23 deep elf pyromancers
  An oklob plant (Lair:5)
  8 will-o-the-wisps
  4 shining eyes
  A jorogumo skeleton (Crypt:1)
  A salamander (Spider:4)
  3 manticores
  21 moths of wrath
  Maurice (Orc:2)
  7 black mambas
  An iron dragon skeleton (Crypt:1)
  16 elephants
  3 guardian serpents
  21 vault sentinels
  A dire elephant zombie (Crypt:2)
  10 torpor snails
  A naga skeleton (Crypt:3)
  An orange demon (Abyss:1)
  6 demonic crawlers
  7 spectral spriggans (Swamp:2)
  3 centaur skeletons
  An eye of devastation (Slime:3)
  2 unseen horrors
  30 yaktaurs
  3 gargoyles
  Maggie (D:6)
  Psyche (D:8)
  2 alligator snapping turtle skeletons
  16 cane toads
  7 komodo dragons
  7 freezing wraiths
  A dire elephant skeleton (Crypt:3)
  A death yak zombie (Crypt:2)
  An iron troll zombie (Crypt:3)
  4 efreet
  A rime drake (Lair:1)
  A harpy zombie (Crypt:2)
  A wandering mushroom (Lair:5)
  A tengu conjurer (Depths:1)
  6 polar bears
  2 green draconian skeletons
  A hydra zombie (Abyss:1)
  2 purple draconian skeletons
  A white draconian skeleton (Crypt:2)
  A bloated husk (Swamp:2)
  9 tyrant leeches
  11 meliai
  3 wind drakes
  A merfolk (shapeshifter) (Vaults:2)
  5 trolls
  44 tarantellas
  27 hornets
  A fire dragon zombie (Crypt:3)
  32 blink frogs
  A raiju (D:8)
  A dream sheep (shapeshifter) (D:13)
  5 harpy skeletons
  78 slime creatures
  6 dream sheep
  23 culicivoras
  A hydra skeleton (Crypt:1)
  2 ice dragon zombies (Crypt:1)
  25 jumping spiders
  An ice dragon skeleton (Crypt:3)
  6 air elementals
  A centaur simulacrum (D:14)
  27 flying skulls
  An alligator snapping turtle simulacrum (Crypt:1)
  8 water elementals
  39 yaks
  23 spriggans
  21 wraiths
  9 wyverns
  4 shadows
  A dire elephant simulacrum (Crypt:2)
  2 ettin skeletons (Crypt:3)
  Eustachio (D:5)
  4 fire bats
  2 golden eyes
  A human (shapeshifter) (Elf:2)
  A basilisk (shapeshifter) (D:14)
  7 basilisks
  A ynoxinul (Abyss:1)
  12 vampire mosquitoes
  Grum (D:11)
  12 fire elementals
  4 steam dragons
  A harpy simulacrum (D:10)
  56 redbacks
  2 acid dragons
  6 wargs
  24 water moccasins
  3 naga zombies
  16 swamp worms
  Duvessa (D:6)
  3 floating eyes
  3 hell hounds (Spider:3)
  28 orc warriors
  6 swamp drakes
  An ettin simulacrum (Crypt:1)
  A sky beast (D:7)
  4 black bears
  4 necrophages
  12 wolves
  9 ogres
  15 centaurs
  5 small abominations (Abyss:1)
  A torpor snail zombie (Crypt:1)
  4 phantoms
  A kobold brigand (D:7)
  11 bullfrogs
  An elf skeleton (Crypt:3)
  2 scorpions
  A wyvern zombie (Crypt:1)
  A komodo dragon zombie (Crypt:2)
  10 earth elementals
  2 gnoll sergeants
  A cyclops zombie (Crypt:1)
  A cyclops skeleton (Crypt:3)
  2 ballistomycetes (Lair:5)
  Dowan (D:6)
  12 killer bees
  12 wights
  2 troll zombies (D:12)
  A wolf zombie (Crypt:1)
  8 howler monkeys
  5 centaur zombies
  A bullfrog zombie (D:4)
  3 hounds
  6 jellies
  A gnoll shaman (Orc:1)
  10 orc priests
  10 orc wizards
  4 iguanas
  2 killer bee zombies
  4 ogre zombies (D:12)
  2 hound skeletons
  2 mummies (Crypt:1)
  7 adders
  14 gnolls
  A swamp drake zombie (Crypt:2)
  A shadow imp (D:5)
  2 white imps
  2 ufetubi
  An adder skeleton (Crypt:3)
  A worm (D:2)
  A dart slug (D:4)
  45 orcs
  10 endoplasms
  5 giant cockroaches
  9 goblins
  9 hobgoblins
  10 jackals
  3 quokkas
  5 ball pythons
  9 bats
  7 frilled lizards
  A frilled lizard skeleton (Crypt:2)
  A goblin skeleton (D:12)
  A goblin zombie (D:12)
  A hobgoblin skeleton (D:12)
  A hobgoblin zombie (D:12)
  A jackal zombie (Crypt:3)
  15 kobolds
  2 orc skeletons (D:12)
  13 orc zombies (D:12)
  A quokka skeleton (D:4)
  11 rats
  7 ballistomycete spores (Lair:5)
2394 creatures vanquished.

Vanquished Creatures (collateral kills)
  Boris (Crypt:2)
  2 bone dragons
  An Orb Guardian (Zot:5)
  An acid blob (Slime:5)
  Roxanne (D:15)
  A rockslime (Slime:5)
  A fire giant (Depths:1)
  A curse skull (Crypt:2)
  An entropy weaver (Vaults:1)
  Azrael (Spider:3)
  A great orb of eyes (Slime:4)
  A spriggan zombie (Crypt:3)
  A hydra (D:8)
  An alligator snapping turtle (Vaults:2)
  6 two-headed ogres (D:15)
  A deep troll earth mage (Depths:1)
  5 death yaks
  A soul eater (Zot:3)
  Sonja (D:12)
  A spriggan (Swamp:2)
  An orb spider (Vaults:2)
  A starcursed mass (Abyss:1)
  A will-o-the-wisp (Swamp:1)
  A hellion (Abyss:1)
  A freezing wraith (D:13)
  A yellow draconian skeleton (Crypt:3)
  A hornet (Swamp:2)
  A blink frog (Lair:2)
  3 slime creatures (D:8)
  A wraith (D:13)
  5 yaks
  2 orc warriors (Orc:2)
  6 centaurs (Orc:2)
  An ogre (D:15)
  A gnoll (D:12)
  2 orcs (Orc:2)
  A starspawn tentacle (Swamp:1)
60 creatures vanquished.

Vanquished Creatures (others)
  A golden dragon (Depths:4)
  A draconian knight (Zot:2)
  An iron dragon (Depths:4)
  An entropy weaver (Zot:4)
  An alligator (Swamp:4)
  A swamp dragon (Swamp:4)
  A lindwurm (Swamp:4)
  5 bloated husks
  A spriggan (Depths:4)
  2 redbacks (Spider:1)
  A steam dragon (Swamp:4)
  A swamp worm (Swamp:4)
  4 swamp drakes (Swamp:4)
  A ballistomycete spore (Lair:5)
  8 bushes (D:8)
  66 foxfires
  17 fungi
  81 plants
  19 starspawn tentacles
  17 withered plants (D:15)
230 creatures vanquished.

Grand Total: 2684 creatures vanquished

Notes
Turn   | Place    | Note
-------+----------+-------------------------------------------
     0 | D:1      | porpoise the Demonspawn Brigand began the quest for the
                  | Orb.
     0 | D:1      | Reached XP level 1. HP: 16/16 MP: 1/1
   404 | D:1      | Found a faded altar of an unknown god.
   409 | D:1      | Gained mutation: You may rarely emit foul miasma when
                  | damaged in melee. [demonic ancestry]
   409 | D:1      | Reached XP level 2. HP: 16/23 MP: 2/2
  1281 | D:2      | Reached skill level 3 in Fighting
  1459 | D:2      | Gained mutation: You are partially covered in yellow
                  | scales. (AC +2) [demonic ancestry]
  1459 | D:2      | Reached XP level 3. HP: 27/29 MP: 3/3
  1664 | D:2      | Learned a level 2 spell: Blink
  2259 | D:3      | Reached XP level 4. HP: 34/36 MP: 4/4
  2299 | D:3      | Noticed a necrophage
  2322 | D:3      | Killed a necrophage
  2323 | D:3      | Reached skill level 4 in Fighting
  2323 | D:3      | Reached XP level 5. HP: 37/43 MP: 5/5
  2585 | D:3      | Found a runed translucent door.
  2585 | D:3      | Noticed bande's ghost (amateur GrFi)
  2627 | D:3      | Reached skill level 5 in Fighting
  2999 | D:4      | Reached skill level 5 in Stealth
  2999 | D:4      | Gained mutation: You have large cloven feet. [demonic
                  | ancestry]
  2999 | D:4      | Reached XP level 6. HP: 42/51 MP: 6/6
  3247 | D:4      | Reached skill level 6 in Fighting
  3565 | D:4      | Noticed a water moccasin
  3572 | D:4      | Killed a water moccasin
  3573 | D:4      | Reached skill level 7 in Fighting
  3573 | D:4      | Reached skill level 1 in Dodging
  3573 | D:4      | Gained mutation: You sometimes emit foul miasma when
                  | damaged in melee. [demonic ancestry]
  3573 | D:4      | Reached XP level 7. HP: 60/60 MP: 7/7
  3643 | D:4      | Reached skill level 1 in Shields
  4108 | D:5      | Entered Level 5 of the Dungeon
  4349 | D:5      | Noticed Eustachio
  4370 | D:5      | Killed Eustachio
  4371 | D:5      | Gained mutation: You are mostly covered in yellow scales.
                  | (AC +3) [demonic ancestry]
  4371 | D:5      | Reached XP level 8. HP: 16/67 MP: 8/8
  5089 | D:5      | Reached skill level 5 in Dodging
  5286 | D:6      | Noticed Dowan
  5294 | D:6      | Noticed Maggie
  5297 | D:6      | Noticed Duvessa
  5302 | D:6      | Killed Dowan
  5308 | D:6      | Killed Maggie
  5310 | D:6      | Killed Duvessa
  5471 | D:6      | Found a staircase to the Ecumenical Temple.
  5495 | Temple   | Entered the Ecumenical Temple
  5572 | Temple   | Became a worshipper of Nemelex Xobeh the Trickster
  5614 | D:6      | Identified the +6 buckler of Hairiness {Will+}
  5705 | D:6      | Noticed a manticore
  5713 | D:6      | Gained mutation: You are completely covered in yellow
                  | scales. (AC +4, rCorr) [demonic ancestry]
  5713 | D:6      | Reached XP level 9. HP: 60/72 MP: 9/9
  5718 | D:6      | Reached skill level 1 in Long Blades
  5723 | D:6      | Killed a manticore
  6090 | D:6      | Reached * piety under Nemelex Xobeh
  6146 | D:6      | Found a shadowy altar of Dithmenos.
  6315 | D:6      | Received a gift from Nemelex Xobeh
  6947 | D:7      | Received a gift from Nemelex Xobeh
  7350 | D:7      | Reached ** piety under Nemelex Xobeh
  7550 | D:8      | Noticed a two-headed ogre
  7556 | D:8      | Killed a two-headed ogre
  7557 | D:8      | Reached skill level 5 in Long Blades
  7557 | D:8      | Reached skill level 5 in Armour
  7557 | D:8      | Reached skill level 5 in Invocations
  7672 | D:8      | Gained mutation: A meltable shield of frost defends you.
                  | (SH +4) [demonic ancestry]
  7672 | D:8      | Reached XP level 10. HP: 79/79 MP: 13/13
  7837 | D:8      | Noticed a gargoyle
  7854 | D:8      | Killed a gargoyle
  8065 | D:8      | Found a viscous altar of Jiyva.
  8375 | D:8      | Reached skill level 8 in Fighting
  8393 | D:8      | Found a staircase to the Lair.
  8711 | D:8      | Noticed Psyche
  8721 | D:8      | Killed Psyche
  8890 | D:8      | Found a runed translucent gate.
  8890 | D:8      | Found a runed translucent gate.
  8890 | D:8      | Found a runed translucent gate.
  8890 | D:8      | Found a viscous altar of Jiyva.
  8890 | D:8      | Noticed lordive's ghost (journeyman TrWr)
  8892 | D:8      | Found a transporter.
  8893 | D:8      | Found a transporter.
  8949 | D:8      | Reached skill level 5 in Evocations
  8957 | D:8      | Killed a titanic slime creature
  8958 | D:8      | Reached skill level 9 in Fighting
  8958 | D:8      | Reached XP level 11. HP: 22/89 MP: 14/14
  9773 | D:9      | Found a hazy altar of Hepliaklqana.
  9773 | D:9      | Found a shimmering blue altar of Sif Muna.
  9918 | D:9      | Reached skill level 10 in Fighting
 10458 | D:10     | Entered Level 10 of the Dungeon
 10790 | D:10     | Reached *** piety under Nemelex Xobeh
 10861 | D:10     | Learned a level 2 spell: Wereblood
 10885 | D:10     | Learned a level 3 spell: Lesser Beckoning
 10911 | D:10     | Reached skill level 1 in Spellcasting
 11471 | Lair:1   | Entered Level 1 of the Lair of Beasts
 11474 | Lair:1   | Noticed an eight-headed hydra
 11492 | D:8      | Killed a five-headed hydra
 11688 | D:8      | Reached skill level 11 in Fighting
 12083 | Lair:1   | Noticed an eight-headed hydra
 12227 | D:8      | Killed a six-headed hydra
 12228 | D:8      | Reached skill level 1 in Transmutations
 12523 | Lair:1   | You fall into a shaft and drop 1 floor!
 13292 | Lair:2   | Gained mutation: A meltable icy envelope protects you from
                  | harm. (AC +8) [demonic ancestry]
 13292 | Lair:2   | Reached XP level 12. HP: 101/101 MP: 18/18
 13293 | Lair:2   | Found a hole to the Spider Nest.
 13312 | Lair:2   | Received a gift from Nemelex Xobeh
 13757 | Lair:2   | Noticed a boulder beetle
 13768 | Lair:2   | Reached skill level 12 in Fighting
 13811 | Lair:2   | Killed a boulder beetle
 14032 | Lair:2   | Reached **** piety under Nemelex Xobeh
 14037 | Lair:2   | Identified the +1 robe of the Miller {rF+++ rC++ MP-9
                  | Str-3}
 14554 | Lair:2   | Noticed an eight-headed hydra
 14557 | Lair:2   | Reached skill level 5 in Transmutations
 14559 | Lair:2   | Identified the +0 long sword "Qoatroz" {drain, Str+4}
 14569 | Lair:2   | Killed a four-headed hydra
 14756 | Lair:2   | Noticed Fannar
 14765 | Lair:2   | Killed Fannar
 14998 | Lair:2   | Noticed an eight-headed hydra
 15010 | Lair:2   | Killed a three-headed hydra
 15020 | Lair:2   | Noticed a seven-headed hydra
 15030 | Lair:2   | Killed a two-headed hydra
 15036 | Lair:2   | Noticed a six-headed hydra
 15044 | Lair:2   | Killed a two-headed hydra
 15096 | Lair:2   | Noticed a catoblepas
 15099 | Lair:2   | Noticed a death yak
 15113 | Lair:2   | Killed a catoblepas
 15123 | Lair:2   | Killed a death yak
 15157 | Lair:2   | Reached skill level 10 in Long Blades
 15275 | Lair:2   | Identified the ring "Unykh" {rF++ rC+ rN+ AC+4 Int-3}
 15325 | Lair:2   | Gained mutation: You have hoof-like feet. [demonic
                  | ancestry]
 15325 | Lair:2   | Reached XP level 13. HP: 102/108 MP: 19/19
 16072 | Lair:3   | Received a gift from Nemelex Xobeh
 16544 | Lair:3   | Found a staircase to the Swamp.
 16996 | Lair:3   | Reached skill level 1 in Translocations
 17079 | Lair:3   | Received a gift from Nemelex Xobeh
 17775 | Lair:4   | Reached ***** piety under Nemelex Xobeh
 17805 | Lair:4   | Received a gift from Nemelex Xobeh
 18734 | Lair:5   | Found a hazy altar of Hepliaklqana.
 19038 | Lair:5   | Reached skill level 5 in Shields
 19170 | Lair:5   | Found a staircase to the Slime Pits.
 19374 | Lair:5   | Received a gift from Nemelex Xobeh
 19783 | Lair:5   | Gained mutation: You frequently emit foul miasma when
                  | damaged in melee. [demonic ancestry]
 19783 | Lair:5   | Reached XP level 14. HP: 105/115 MP: 20/20
 19788 | Lair:5   | Reached skill level 5 in Translocations
 20560 | D:11     | Received a gift from Nemelex Xobeh
 20879 | D:11     | Received a gift from Nemelex Xobeh
 20897 | D:11     | Noticed Grum
 20899 | D:11     | Killed Grum
 21247 | D:11     | Learned a level 5 spell: Irradiate
 21534 | D:11     | Identified a scroll of acquirement
 21534 | D:11     | Acquired the +0 cloak "Lobihep" {rPois rC- Int+5}
 22554 | D:12     | Found a staircase to the Orcish Mines.
 22623 | D:12     | Received a gift from Nemelex Xobeh
 23045 | D:12     | Received a gift from Nemelex Xobeh
 23846 | D:13     | Reached skill level 5 in Spellcasting
 23932 | D:13     | HP: 5/115 [meliai/divine providence (11)]
 24490 | D:13     | Received a gift from Nemelex Xobeh
 24518 | D:13     | Reached ****** piety under Nemelex Xobeh
 25205 | D:14     | Found a shimmering blue altar of Sif Muna.
 25243 | D:14     | Received a gift from Nemelex Xobeh
 25820 | D:14     | Found a gate to the Vaults.
 26254 | D:14     | Gained mutation: Your presence sometimes corrodes those you
                  | injure. [demonic ancestry]
 26254 | D:14     | Reached XP level 15. HP: 115/122 MP: 22/22
 26358 | D:15     | Entered Level 15 of the Dungeon
 26358 | D:15     | Identified Roxanne's Almanac of Clay
 26358 | D:15     | Noticed Roxanne
 26366 | D:15     | Killed Roxanne
 26367 | D:15     | Reached skill level 10 in Invocations
 26425 | D:15     | Reached skill level 13 in Fighting
 26554 | D:15     | Found a staircase to the Depths.
 26646 | D:15     | Received a gift from Nemelex Xobeh
 27908 | D:15     | Received a gift from Nemelex Xobeh
 28007 | D:15     | Found a snail-covered altar of Cheibriados.
 28728 | Orc:1    | Entered Level 1 of the Orcish Mines
 28733 | Orc:1    | Noticed Snorg
 28753 | D:12     | Killed Snorg
 29067 | Orc:1    | Noticed Sonja
 29405 | D:12     | Cast into level 1 of the Abyss (Sonja)
 29518 | Abyss:1  | Noticed a tentacled starspawn
 30205 | Abyss:1  | Noticed a deep elf sorcerer
 30217 | Abyss:1  | Killed a deep elf sorcerer
 30221 | D:12     | Escaped the Abyss
 30226 | D:12     | Killed Sonja
 30227 | D:12     | Reached skill level 14 in Fighting
 30571 | Orc:2    | Entered Level 2 of the Orcish Mines
 30571 | Orc:2    | Found Usicexzy's Mayhem Merchandise.
 30650 | Orc:2    | Found a staircase to the Elven Halls.
 30953 | Orc:2    | Received a gift from Nemelex Xobeh
 30957 | Orc:2    | Found Corisk's Weapon Shoppe.
 31677 | Orc:2    | Noticed Maurice
 31721 | Orc:2    | Killed Maurice
 32142 | Orc:2    | Found Zacangof's Assorted Antiques.
 32142 | Orc:2    | Found Paivvegi's Antique Weapon Shoppe.
 32144 | Orc:2    | Found Nopsying's Assorted Antiques.
 32146 | Orc:2    | Found Femoruul's Magic Scroll Shop.
 32659 | Orc:2    | Bought the +7 rapier of the Desolation of Salt {vorpal,
                  | rElec Will+ Int+3 Dex+3} for 1317 gold pieces
 32691 | Orc:2    | Bought a scroll of identify for 32 gold pieces
 32691 | Orc:2    | Bought a scroll of identify for 32 gold pieces
 32860 | Lair:1   | Upgraded the game from 0.29-a0-90-gc37658a0fe to
                  | 0.29-a0-91-gdebf4667c2
 33820 | Lair:6   | Entered Level 6 of the Lair of Beasts
 33992 | Lair:5   | Reached skill level 1 in Conjurations
 34237 | Lair:6   | Received a gift from Nemelex Xobeh
 34963 | Lair:6   | Reached XP level 16. HP: 133/133 MP: 25/25
 35795 | Lair:6   | Identified the +1 leather armour of Zoaphoj {Regen+}
 36157 | Swamp:1  | Entered Level 1 of the Swamp
 36157 | Swamp:1  | Noticed Kirke
 36180 | Lair:3   | Killed Kirke
 36493 | Swamp:1  | Learned a level 1 spell: Apportation
 36639 | Swamp:1  | Reached skill level 5 in Conjurations
 37150 | Swamp:1  | Received a gift from Nemelex Xobeh
 37396 | Swamp:1  | Noticed Mlioglotl
 37399 | Swamp:1  | Noticed a tentacled starspawn
 37399 | Swamp:1  | Noticed a tentacled starspawn
 37416 | Swamp:1  | Noticed Mlioglotl
 37416 | Swamp:1  | Mlioglotl changed into Mlioglotl the wendigo
 37425 | Swamp:1  | Noticed Mlioglotl
 37425 | Swamp:1  | Mlioglotl the wendigo changed into Mlioglotl the rakshasa
 37430 | Swamp:1  | Killed Mlioglotl the rakshasa
 38258 | Swamp:1  | Reached skill level 5 in Short Blades
 38300 | Swamp:1  | Received a gift from Nemelex Xobeh
 39170 | Swamp:2  | Noticed Louise
 39248 | Swamp:2  | Killed Louise
 39692 | Swamp:2  | Received a gift from Nemelex Xobeh
 41501 | Swamp:3  | Received a gift from Nemelex Xobeh
 41964 | Orc:2    | Bought a glowing hunting sling for 126 gold pieces
 41967 | Orc:2    | Bought a sheer robe for 159 gold pieces
 41967 | Orc:2    | Identified the +1 robe of Uner {rF++ rN++ Will-} (You
                  | bought it in a shop on level 2 of the Orcish Mines)
 41976 | Orc:2    | Bought a fine chain mail for 266 gold pieces
 41976 | Orc:2    | Identified the +1 chain mail of the Raven {rF++ Dex+3} (You
                  | bought it in a shop on level 2 of the Orcish Mines)
 42345 | Swamp:3  | Gained mutation: A meltable icy envelope protects you from
                  | harm. (AC +8) [demonic ancestry]
 42345 | Swamp:3  | Reached XP level 17. HP: 132/139 MP: 26/26
 43593 | Swamp:3  | Received a gift from Nemelex Xobeh
 43943 | Swamp:4  | Entered Level 4 of the Swamp
 45890 | Swamp:4  | Received a gift from Nemelex Xobeh
 46663 | Swamp:4  | Got a decaying rune of Zot
 47006 | Spider:1 | Entered Level 1 of the Spider Nest
 49042 | Spider:2 | Received a gift from Nemelex Xobeh
 49726 | Spider:2 | Received a gift from Nemelex Xobeh
 50000 | Spider:2 | Received a gift from Nemelex Xobeh
 50326 | Spider:2 | Reached XP level 18. HP: 140/146 MP: 27/27
 50703 | Spider:2 | Received a gift from Nemelex Xobeh
 50798 | Spider:3 | Reached skill level 10 in Short Blades
 50978 | Spider:3 | Found a runed translucent door.
 51473 | Spider:3 | Noticed Azrael
 51949 | Spider:3 | Killed Azrael
 52634 | Spider:3 | Identified the +3 ring mail of Otavuh {rF- Dex+2 Slay+5}
 53031 | Spider:4 | Entered Level 4 of the Spider Nest
 54568 | Spider:4 | Received a gift from Nemelex Xobeh
 54652 | Spider:4 | Identified the +2 pair of gloves of Mopseudd {rCorr Str+2
                  | Dex-3}
 55129 | Spider:4 | Paralysed by a jorogumo for 1 turns
 55433 | Spider:4 | Received a gift from Nemelex Xobeh
 55669 | Spider:4 | Identified the +9 dagger "Hoypoj" {pain, *Noise rElec rPois
                  | Dex+10}
 56139 | Spider:4 | Got a gossamer rune of Zot
 56867 | Elf:1    | Entered Level 1 of the Elven Halls
 57600 | Vaults:1 | Entered Level 1 of the Vaults
 57667 | Vaults:1 | Reached XP level 19. HP: 132/153 MP: 29/29
 58052 | Vaults:1 | Reached skill level 5 in Throwing
 58185 | Vaults:1 | Noticed Nikola
 58198 | Vaults:1 | Killed Nikola
 58199 | Vaults:1 | Reached skill level 15 in Fighting
 58232 | Vaults:1 | Reached skill level 1 in Slings
 58424 | Vaults:1 | Found Jeqom's General Store.
 59437 | Vaults:1 | Reached skill level 16 in Fighting
 60164 | Vaults:1 | Received a gift from Nemelex Xobeh
 60708 | Vaults:2 | Reached skill level 10 in Conjurations
 61103 | Vaults:2 | Reached skill level 10 in Dodging
 61567 | Vaults:2 | Received a gift from Nemelex Xobeh
 62021 | Vaults:2 | Found a staircase to the Crypt.
 62144 | Vaults:2 | Noticed a caustic shrike
 62144 | Vaults:2 | an ironbound thunderhulk changed into a caustic shrike
 62155 | Vaults:2 | Killed a caustic shrike
 62197 | Vaults:2 | Identified the +4 executioner's axe of a Gauntlet {venom,
                  | rPois}
 62729 | Vaults:2 | Reached XP level 20. HP: 164/164 MP: 30/30
 63655 | Vaults:3 | Received a gift from Nemelex Xobeh
 63683 | Vaults:3 | Found a flickering gateway to a bazaar.
 63691 | Bazaar   | Entered a bazaar
 63691 | Bazaar   | Found Yveocwy's Antique Armour Shop.
 63691 | Bazaar   | Found Keopt's Distillery.
 63691 | Bazaar   | Found Udicw's Weapon Shoppe.
 63995 | Bazaar   | Found Nora's Weapon Shoppe.
 63995 | Bazaar   | Found Geklua Conu's Book Boutique.
 64061 | Bazaar   | Bought a dyed leather armour for 120 gold pieces
 64065 | Bazaar   | Bought a potion of heal wounds for 70 gold pieces
 64065 | Bazaar   | Bought a potion of heal wounds for 70 gold pieces
 64065 | Bazaar   | Bought a potion of might for 56 gold pieces
 64065 | Bazaar   | Bought a potion of mutation for 112 gold pieces
 64065 | Bazaar   | Bought a potion of haste for 140 gold pieces
 64065 | Bazaar   | Bought a potion of curing for 42 gold pieces
 64076 | Bazaar   | Bought 4 curare-tipped darts for 21 gold pieces
 64089 | Bazaar   | Bought the Unrestrained Analects for 748 gold pieces
 64094 | Bazaar   | Learned a level 4 spell: Olgreb's Toxic Radiance
 64497 | Vaults:3 | Upgraded the game from 0.29-a0-91-gdebf4667c2 to
                  | 0.29-a0-92-gee772dd00f
 64497 | Vaults:3 | Upgraded the game from 0.29-a0-92-gee772dd00f to
                  | 0.29-a0-96-g93358da72b
 65422 | Elf:1    | Reached skill level 1 in Poison Magic
 65632 | Elf:1    | Got Okiuppoi's Handbook of the Entourage
 66065 | Elf:1    | Identified the +2 ring mail of the Loofah {Int+3}
 66309 | Elf:1    | Paralysed by an air elemental for 1 turns
 66320 | Elf:1    | Paralysed by an air elemental for 1 turns
 66425 | Elf:2    | Noticed Aizul
 66436 | Elf:2    | Killed Aizul
 66508 | Elf:2    | Received a gift from Nemelex Xobeh
 66624 | Elf:2    | Found Woczias's Antique Weapon Shoppe.
 66728 | Elf:2    | Got the Disquisition on Earthen Feathers
 66837 | Elf:2    | Found an ancient bone altar of Kikubaaqudgha.
 67139 | Elf:2    | Found a runed translucent gate.
 67140 | Elf:2    | Found a runed translucent gate.
 67140 | Elf:2    | Found a runed translucent gate.
 68322 | Elf:2    | Reached skill level 5 in Poison Magic
 68474 | Elf:2    | Received a gift from Nemelex Xobeh
 68914 | Elf:3    | Entered Level 3 of the Elven Halls
 68954 | Elf:3    | Found a radiant altar of Vehumet.
 68957 | Elf:3    | Received a gift from Nemelex Xobeh
 69636 | Elf:3    | Reached skill level 15 in Invocations
 69646 | Elf:3    | Reached XP level 21. HP: 91/171 MP: 32/32
 70055 | Elf:3    | Identified the ring of Ruuggi Zasch {AC+4 Stlth+}
 70060 | Elf:3    | Identified the ring "Liofoudd" {Str+4 Int+2 Dex+6}
 70137 | Elf:3    | Identified the +1 scimitar "Jellyslayer" {distort, rElec
                  | rPois}
 70137 | Elf:3    | Identified the amulet "Exzabeh" {Harm rElec Regen+ Int+2}
 71541 | Elf:3    | Received a gift from Nemelex Xobeh
 71590 | Elf:3    | Identified the +12 chain mail of the Inquisitive Seas
                  | {rElec Str-3 Dex+8 SInv}
 71921 | Lair:1   | Upgraded the game from 0.29-a0-96-g93358da72b to
                  | 0.29-a0-97-g88c9fad16d
 71921 | Lair:1   | Upgraded the game from 0.29-a0-97-g88c9fad16d to
                  | 0.29-a0-100-g60f898f876
 71921 | Lair:1   | Upgraded the game from 0.29-a0-100-g60f898f876 to
                  | 0.29-a0-207-gf982a884d8
 72506 | Orc:2    | Bought a scroll of torment for 120 gold pieces
 73120 | Vaults:3 | Received a gift from Nemelex Xobeh
 74085 | Vaults:3 | Reached XP level 22. HP: 179/179 MP: 33/33
 74086 | Vaults:3 | Gained mutation: You have hooves in place of feet. [demonic
                  | ancestry]
 74086 | Vaults:3 | Reached XP level 23. HP: 185/185 MP: 33/35
 74545 | Vaults:3 | Received a gift from Nemelex Xobeh
 74848 | Vaults:4 | Reached skill level 17 in Fighting
 75126 | Vaults:4 | Noticed Sojobo
 75134 | Vaults:4 | Noticed Sojobo
 75134 | Vaults:4 | Sojobo changed into Sojobo the titan
 75138 | Vaults:4 | Killed Sojobo the titan
 75358 | Vaults:4 | Received a gift from Nemelex Xobeh
 75371 | Vaults:4 | Gained mutation: You tend to lose your temper in combat.
                  | [mutagenic glow]
 75471 | Vaults:4 | Lost mutation: You tend to lose your temper in combat.
                  | [potion of mutation]
 75471 | Vaults:4 | Gained mutation: You have very sharp teeth. [potion of
                  | mutation]
 75471 | Vaults:4 | Gained mutation: You are strong-willed. (Will+) [potion of
                  | mutation]
 75715 | Vaults:4 | Learned a level 4 spell: Iskenderun's Mystic Blast
 75722 | Vaults:4 | Learned a level 6 spell: Dispersal
 75737 | Vaults:4 | Learned a level 2 spell: Passwall
 76115 | Vaults:4 | Received a gift from Nemelex Xobeh
 77035 | Slime:1  | Entered Level 1 of the Pits of Slime
 77276 | Slime:2  | Gained mutation: Potions are less effective at restoring
                  | your health. [a shining eye]
 77284 | Slime:2  | Gained mutation: You occasionally shout uncontrollably at
                  | your foes. [a shining eye]
 77285 | Slime:2  | Gained mutation: Armour fits poorly on your strangely
                  | shaped body. [a shining eye]
 77288 | Slime:2  | Gained mutation: Your body sometimes deteriorates upon
                  | taking damage. [a shining eye]
 77480 | Lair:1   | Lost mutation: You are strong-willed. (Will+) [potion of
                  | mutation]
 77480 | Lair:1   | Lost mutation: Your body sometimes deteriorates upon taking
                  | damage. [potion of mutation]
 77480 | Lair:1   | Lost mutation: You have very sharp teeth. [potion of
                  | mutation]
 77480 | Lair:1   | Gained mutation: Your body sometimes deteriorates upon
                  | taking damage. [potion of mutation]
 77481 | Lair:1   | Lost mutation: You occasionally shout uncontrollably at
                  | your foes. [potion of mutation]
 77481 | Lair:1   | Lost mutation: Potions are less effective at restoring your
                  | health. [potion of mutation]
 77481 | Lair:1   | Gained mutation: Your system is resistant to poisons.
                  | (rPois) [potion of mutation]
 77482 | Lair:1   | Lost mutation: Your body sometimes deteriorates upon taking
                  | damage. [potion of mutation]
 77482 | Lair:1   | Lost mutation: Armour fits poorly on your strangely shaped
                  | body. [potion of mutation]
 77482 | Lair:1   | Lost mutation: Your system is resistant to poisons. (rPois)
                  | [potion of mutation]
 77482 | Lair:1   | Gained mutation: You have a pair of small horns on your
                  | head. [potion of mutation]
 77482 | Lair:1   | Gained mutation: You are somewhat resistant to further
                  | mutation. [potion of mutation]
 77524 | Lair:1   | Lost mutation: You have a pair of small horns on your head.
                  | [potion of mutation]
 77524 | Lair:1   | Lost mutation: You are somewhat resistant to further
                  | mutation. [potion of mutation]
 77524 | Lair:1   | Gained mutation: You occasionally shout uncontrollably at
                  | your foes. [potion of mutation]
 77524 | Lair:1   | Gained mutation: You are agile. (Dex +2) [potion of
                  | mutation]
 77524 | Lair:1   | Gained mutation: Your muscles are strong. (Str +2) [potion
                  | of mutation]
 77525 | Lair:1   | Lost mutation: You occasionally shout uncontrollably at
                  | your foes. [potion of mutation]
 77525 | Lair:1   | Lost mutation: You are agile. (Dex +2) [potion of mutation]
 77525 | Lair:1   | Gained mutation: You are clumsy. (Dex -2) [potion of
                  | mutation]
 77525 | Lair:1   | Gained mutation: You are partially covered in large bone
                  | plates. (SH +4) [potion of mutation]
 78399 | Slime:4  | Received a gift from Nemelex Xobeh
 78405 | Slime:4  | Reached skill level 18 in Fighting
 79030 | Slime:5  | Entered Level 5 of the Pits of Slime
 79126 | Slime:5  | Gained mutation: Your presence sometimes corrodes or
                  | deforms those you injure. [demonic ancestry]
 79126 | Slime:5  | Reached XP level 24. HP: 158/197 MP: 36/36
 79227 | Slime:5  | Received a gift from Nemelex Xobeh
 79568 | Slime:4  | Reached skill level 10 in Armour
 80266 | Slime:5  | Received a gift from Nemelex Xobeh
 80342 | Slime:5  | Noticed the Royal Jelly
 80359 | Slime:5  | Noticed a juggernaut shaped Royal Jelly
 80359 | Slime:5  | the Royal Jelly changed into a juggernaut shaped Royal
                  | Jelly
 80545 | Slime:5  | Killed a juggernaut shaped Royal Jelly
 80622 | Slime:5  | Found the +7 sceptre of Torment {pain, torment}
 80634 | Slime:5  | Identified the +3 leather armour of Impermeability {rCorr
                  | Int+4 Stlth+}
 80640 | Slime:5  | Got a slimy rune of Zot
 80648 | Slime:5  | Got the Reference Book on Noxious Curses
 80668 | Slime:5  | Identified the +5 hunting sling "Kozuelit" {venom, rPois}
 80709 | Slime:5  | Identified the +10 shortbow of the Kidney {freeze, rPois
                  | rN+ Str+4 Dex+3}
 81376 | Lair:1   | Upgraded the game from 0.29-a0-207-gf982a884d8 to
                  | 0.29-a0-214-g17f627cfee
 81539 | Depths:1 | Entered Level 1 of the Depths
 81951 | Depths:1 | Found a stormy altar of Qazlal.
 82204 | Depths:1 | Found a gateway to Hell.
 82215 | Depths:1 | Reached skill level 10 in Transmutations
 82332 | Depths:1 | Found Foesk's Jewellery Emporium.
 82336 | Depths:1 | Bought the amulet "Miemelasm" {RegenMP rElec Will++ Regen+
                  | Str-2} for 530 gold pieces
 82346 | Depths:1 | Found Worasog's Antique Armour Shoppe.
 82366 | Depths:1 | Received a gift from Nemelex Xobeh
 83031 | Depths:2 | Noticed Asterion
 83031 | Depths:2 | Received a gift from Nemelex Xobeh
 83769 | Depths:2 | Killed Asterion
 83825 | Depths:2 | Found a hide-covered altar of Uskayaw.
 83882 | Depths:2 | Found Gozag's Antique Armour Shop.
 83982 | Depths:2 | Found a one-way gate to the infinite horrors of the Abyss.
 84119 | Depths:2 | Found Gozag's Antique Armour Shop.
 84123 | Depths:2 | Found an opulent altar of Gozag.
 84124 | Depths:2 | Found Gozag's Antique Armour Boutique.
 84484 | Depths:2 | Bought a shimmering scale mail for 900 gold pieces
 84484 | Depths:2 | Identified the +1 scale mail of the Secret Ears {Regen+
                  | Int+3 SInv} (You bought it in a shop on level 2 of the
                  | Depths)
 84959 | Depths:2 | Found a one-way gate leading to the halls of Pandemonium.
 86065 | Depths:3 | Received a gift from Nemelex Xobeh
 86345 | Depths:3 | Found a one-way gateway to a ziggurat.
 86410 | Depths:3 | Reached skill level 10 in Translocations
 86566 | Depths:3 | Reached XP level 25. HP: 204/204 MP: 36/36
 87009 | Depths:4 | Entered Level 4 of the Depths
 87379 | Depths:3 | Upgraded the game from 0.29-a0-214-g17f627cfee to
                  | 0.29-a0-266-gf56f883ddd
 87842 | Depths:4 | Found an opulent altar of Gozag.
 87889 | Depths:4 | Received a gift from Nemelex Xobeh
 87959 | Depths:4 | Found Peacarph's Book Emporium.
 87960 | Depths:4 | Found Xakises's Jewellery Shop.
 88016 | Depths:4 | Found Ibuiniu's Book Emporium.
 88032 | Depths:4 | Upgraded the game from 0.29-a0-266-gf56f883ddd to
                  | 0.29-a0-275-g389c0b56f3
 88032 | Depths:4 | Upgraded the game from 0.29-a0-275-g389c0b56f3 to
                  | 0.29-a0-284-gf9362112df
 88330 | Depths:4 | Identified the +6 rapier of Ewa Kob {freeze, rElec rC+
                  | Str+4}
 88684 | Depths:4 | Found a gate to the Realm of Zot.
 89338 | Vaults:1 | Bought a scroll of silence for 105 gold pieces
 89338 | Vaults:1 | Bought a scroll of teleportation for 42 gold pieces
 89516 | Orc:2    | Bought a scroll of acquirement for 1456 gold pieces
 89564 | Orc:2    | Bought a book of Fire for 484 gold pieces
 89568 | Orc:2    | Learned a level 3 spell: Gell's Gravitas
 89572 | Orc:2    | Learned a level 3 spell: Portal Projectile
 89583 | Orc:2    | Acquired the Incunabulum of the Arsonist and Cold
 89589 | Orc:2    | Learned a level 3 spell: Ignite Poison
 89729 | Lair:1   | Upgraded the game from 0.29-a0-284-gf9362112df to
                  | 0.29-a0-352-g0917bc69df
 89729 | Lair:1   | Upgraded the game from 0.29-a0-352-g0917bc69df to
                  | 0.29-a0-360-g8ed1089bbe
 89956 | Crypt:1  | Entered Level 1 of the Crypt
 89956 | Crypt:1  | Noticed Khufu
 89956 | Crypt:1  | Noticed a royal mummy
 89987 | Vaults:2 | Killed Khufu
 90065 | Vaults:2 | Reached skill level 19 in Fighting
 90146 | Crypt:1  | Killed a royal mummy
 90859 | Crypt:1  | Noticed Xtahua
 90892 | Crypt:1  | Killed Xtahua
 91175 | Crypt:1  | Identified the ring "Utapuz" {rC- AC+4 Int+3 SInv}
 92033 | Crypt:1  | Received a gift from Nemelex Xobeh
 92768 | Crypt:1  | Reached skill level 10 in Spellcasting
 93597 | Crypt:2  | Learned a level 5 spell: Alistair's Intoxication
 93645 | Crypt:2  | Received a gift from Nemelex Xobeh
 95138 | Crypt:2  | Noticed Boris
 95164 | Crypt:2  | Killed Boris
 95165 | Crypt:2  | Reached XP level 26. HP: 175/215 MP: 38/38
 95278 | Crypt:2  | Noticed an ancient lich
 95321 | Crypt:2  | Killed an ancient lich
 96214 | Crypt:2  | Found an ancient bone altar of Kikubaaqudgha.
 96214 | Crypt:2  | Noticed Mara
 96227 | Crypt:2  | Killed Mara
 96362 | Crypt:3  | Entered Level 3 of the Crypt
 97117 | Crypt:3  | Upgraded the game from 0.29-a0-360-g8ed1089bbe to
                  | 0.29-a0-362-g5854e031c7
 97134 | Crypt:3  | Identified the +7 lajatang "Earthworm" {spect, rElec rPois}
 97136 | Crypt:3  | Noticed an ancient lich
 97158 | Crypt:3  | Killed an ancient lich
 97471 | Crypt:3  | Identified the amulet "Vuul" {Reflect Dex+3 SH+5 SInv}
 97482 | Crypt:3  | Found an ancient bone altar of Kikubaaqudgha.
 97948 | Crypt:3  | Received a gift from Nemelex Xobeh
 98329 | Crypt:3  | Reached skill level 20 in Fighting
 98728 | Crypt:3  | Reached skill level 15 in Translocations
 99597 | Crypt:3  | Found a staircase to the Tomb.
100763 | Zot:1    | Entered Level 1 of the Realm of Zot
101533 | Zot:1    | Received a gift from Nemelex Xobeh
102461 | Zot:2    | Acquired the +5 demon blade "porpoise's Death" {elec, Dex+7
                  | SInv}
102561 | Zot:2    | Found a transporter.
102590 | Zot:2    | Received a gift from Nemelex Xobeh
103083 | Zot:2    | Found a transporter.
103255 | Zot:2    | Reached skill level 21 in Fighting
103315 | Zot:2    | Gained mutation: You can speak a Word of Chaos. [demonic
                  | ancestry]
103315 | Zot:2    | Reached XP level 27. HP: 188/228 MP: 39/39
103644 | Zot:3    | Upgraded the game from 0.29-a0-362-g5854e031c7 to
                  | 0.29-a0-364-g921d912d32
103644 | Zot:3    | Upgraded the game from 0.29-a0-364-g921d912d32 to
                  | 0.29-a0-371-g91724d5b39
103944 | Zot:3    | Received a gift from Nemelex Xobeh
104306 | Zot:3    | Noticed an ancient lich
104867 | Zot:3    | Killed an ancient lich
105573 | Zot:3    | Noticed an orb of fire
105578 | Zot:3    | Gained mutation: Your mind is acute. (Int +2) [an orb of
                  | fire]
105585 | Zot:3    | Gained mutation: Your body sometimes deteriorates upon
                  | taking damage. [an orb of fire]
105595 | Zot:3    | Killed an orb of fire
105879 | Zot:4    | Received a gift from Nemelex Xobeh
105924 | Zot:4    | Found a transporter.
105930 | Zot:4    | Noticed Adyfi's ghost (veteran TrCK)
106135 | Zot:4    | Received a gift from Nemelex Xobeh
106135 | Zot:4    | Found a transporter.
106320 | Zot:4    | Received a gift from Nemelex Xobeh
106672 | Zot:4    | Received a gift from Nemelex Xobeh
106990 | Zot:5    | Entered Level 5 of the Realm of Zot
107126 | Zot:5    | Reached skill level 22 in Fighting
107578 | Zot:4    | Reached skill level 10 in Shields
107637 | Zot:4    | Killed Adyfi's ghost
107666 | Zot:4    | Gained mutation: Your body often deteriorates upon taking
                  | damage. [mutagenic glow]
107722 | Zot:4    | Identified the ring "Rasoaqej" {Fly rF+ rC++}
108107 | Lair:1   | Learned a level 5 spell: Manifold Assault
108434 | Zot:5    | Noticed a dread lich
108434 | Zot:5    | Noticed an ancient lich
108632 | Zot:4    | Killed a dread lich
108795 | Zot:5    | Noticed an orb of fire
108894 | Zot:4    | Killed an ancient lich
109086 | Zot:4    | Gained mutation: You are occasionally teleported next to
                  | monsters. [an orb of fire]
109098 | Zot:4    | Gained mutation: Your magical capacity is low. (-10% MP)
                  | [an orb of fire]
109103 | Zot:4    | Gained mutation: You are frail. (-10% HP) [an orb of fire]
109127 | Zot:4    | Killed an orb of fire
109191 | Zot:5    | Noticed an ancient lich
109208 | Zot:5    | Identified the +0 quarterstaff "Ogidghef" {flame, Int+2}
109253 | Zot:5    | Killed an ancient lich
109284 | Zot:5    | Noticed a dread lich
109287 | Zot:5    | Noticed an ancient lich
109287 | Zot:5    | Noticed an ancient lich
109287 | Zot:5    | Noticed an ancient lich
109350 | Zot:5    | HP: 6/207 [black draconian knight/shard of ice (22)]
109371 | Zot:5    | Reached skill level 10 in Poison Magic
109399 | Zot:5    | Upgraded the game from 0.29-a0-371-g91724d5b39 to
                  | 0.29-a0-378-gc08b2e8bf8
109405 | Zot:5    | Noticed an ancient lich
109406 | Zot:5    | HP: 5/207 [Orb Guardian (26)]
109407 | Zot:5    | Demolished by an Orb Guardian

Illustrated notes

Levels and vault maps discovered:
D:1:      roderic_crop_circles_arrival_small, layout_loops_ring,
          ebering_ecumenical_altar_sacrificial, minmay_parallelograms
D:2:      layout_basic, serial_glass, glass_columns_a, glass_columns_c
D:3:      minmay_chambers_of_threes, layout_rooms, ebering_ghost_reflecting_pool
D:4:      layout_basic
D:5:      layout_rooms, uniq_eustachio
D:6:      layout_loops_cross, chequers_temple_overflow_statue_of_worship,
          minmay_temple_entry_grid, kennysheep_cross_room, uniq_maggie,
          uniq_duvessa
D:7:      layout_loops_corners
D:8:      gammafunk_jiyva_shrine, layout_loops_corners, minmay_lair_entry_grove,
          gammafunk_ghost_ooze, uniq_psyche
D:9:      layout_roguey, amethyst_overflow_temple_binary
D:10:     layout_basic
D:11:     layout_long_grid, hellmonk_guarded_unrand_dark_maul, uniq_grum
D:12:     layout_loops_ring, zombieorc1_lemuel
D:13:     layout_loops_ring
D:14:     layout_roguey, erik_vaults_2, led_sif_pool
D:15:     gammafunk_depths_entry_grave, layout_grid_maze, cheibriados_altar_1,
          uniq_roxanne
Temple:   mainiacjoe_temple_coin_purse
Lair:1:   layout_roguey
Lair:2:   nzn_winding_woodlands_huge [nzn_winding_woodlands_5x15_eye,
          nzn_winding_woodlands_5x15_sidewinder,
          nzn_winding_woodlands_5x15_sawtooth, nzn_winding_woodlands_5x15_twine,
          nzn_winding_woodlands_5x15_cabin, nzn_winding_woodlands_5x15_jagged,
          nzn_winding_woodlands_5x15_concentric,
          nzn_winding_woodlands_5x15_default,
          nzn_winding_woodlands_5x15_longhouse,
          nzn_winding_woodlands_5x15_default,
          nzn_winding_woodlands_center_pierced_h,
          nzn_winding_woodlands_center_lodge,
          nzn_winding_woodlands_15x15_killbox], layout_long_grid,
          spider_nest_entry_webs, uniq_fannar
Lair:3:   layout_misc_corridors, swamp_mist
Lair:4:   layout_regular_city
Lair:5:   dpeg_oklob_gauntlet, layout_cave_pods, minmay_slime_entry_pillars,
          basic_altar, beast_lair_carwin_7, grunt_megastairs_3
Lair:6:   grunt_lair_end_beastmaster, layout_hall_layers, grunt_megastairs_1,
          infiniplex_staircase_pool
Swamp:1:  layout_basic_swamp, evilmike_swamp_ruin_rubble_2, swamp_pool1,
          nzn_swamp_dancing_lights, uniq_kirke, uniq_mlioglotl
Swamp:2:  nicolae_swamp_flooded_prison, layout_basic_swamp,
          evilmike_swamp_ruin_wall, swamp_pool2, infiniplex_staircase_pool_2,
          uniq_louise
Swamp:3:  layout_basic_swamp, evilmike_swamp_ruin_house_6, swamp_pool2
Swamp:4:  swamp_fiery, layout_basic_swamp, swamp_pool4
Spider:1: layout_spider_delve, nicolae_spider_orb_run
Spider:2: layout_chambers
Spider:3: cheibrodos_spider_deadly_dance, uniq_azrael
Spider:4: grunt_spider_rune_island
Slime:1:  layout_caves, cheibrodos_slime_lost_civilization_7
Slime:2:  layout_caves
Slime:3:  layout_caves
Slime:4:  layout_caves
Slime:5
Orc:1:    layout_caves, uniq_sonja, uniq_snorg
Orc:2:    st_orc_rangers, layout_diamond_mine, serial_shops,
          nicolae_shop_bloodbath_and_beyond, minmay_shop_mayhem, uniq_maurice
Elf:1:    minmay_elf_arrival_plus, layout_rooms, minmay_elf_demonology,
          nicolae_elf_loose_elemental_storage
Elf:2:    nicolae_elf_blades_crystal_corner, layout_geoelf_diagonals,
          serial_shops, nicolae_lakefront_shop, basic_altar,
          columned_hall_lemuel, uniq_aizul
Elf:3:    elf_hall, layout_gridlike, basic_altar, eino_tiny_chamber
Vaults:1: st_octagons_2, vaults_room_grunt_arrival_ludios,
          nicolae_vaults_network_s, v_misc_9, nicolae_vaults_little_squares_2,
          nicolae_vaults_ring_of_whatevers, vaults_room_octagon,
          vaults_mumra_chevron, vaults_dpeg_ring, vaults_room_door_hall,
          vaults_room_door_ring, layout_vaults_ring, serial_shops,
          nicolae_shop_behind_doors, uniq_nikola
Vaults:2: ontoclasm_vaults_ligature, v_rooms_5, hangedman_vaults_snaps,
          ontoclasm_vaults_decontamination, minmay_crypt_entry_simple_walls,
          vaults_mumra_bighexcomb, v_alt_pattern_3, ontoclasm_vaults_twist,
          nicolae_vaults_gold_heap, nicolae_vaults_circle_grid_a,
          nicolae_vaults_network_periphery, v_rooms_3, hangedman_vaults_stream,
          layout_vaults_maze_bifur
Vaults:3: dpeg_vaults_monster_row, v_misc_17, vaults_room_fancy_cross,
          hangedman_vaults_stretched_pinwheel, vaults_mumra_hexcomb,
          v_pattern_5, nicolae_vaults_windows_and_doors_thing, v_misc_18,
          layout_vaults_quadrants, serial_shops, bzr_in_the_mist
Vaults:4: nicolae_vaults_asterisk, nicolae_vaults_fighting_squares,
          ontoclasm_vaults_ring_large, v_misc_12, vaults_room_fancy_cross,
          nicolae_vaults_network_barrier, vaults_room_octagon, v_alt_pattern_2,
          vaults_room_semicircle, layout_vaults_omnicross, uniq_sojobo
Crypt:1:  layout_catacombs, serial_sigils_hangedman_gut, hex_tiny, uniq_khufu,
          uniq_xtahua
Crypt:2:  cheibrodos_crypt_down_in_the_bonehoard, layout_misc_corridors,
          nicolae_crypt_crumbling_hall, uniq_mara, uniq_boris
Crypt:3:  church_of_pain_bobbens, layout_chaotic_city, st_stairs_3
Depths:1: layout_gridlike, hell_entry, hangedman_decor_push,
          nicolae_qazlal_scattered_showers, minmay_shoptagon
Depths:2: kennysheep_gozag_temple, layout_cave_shapes, nicolae_uskayaw_suspiria,
          abyss_entry, hell_entry, pan_entry,
          infiniplex_staircase_split_hallway, uniq_asterion
Depths:3: evilmike_cross, layout_cave_shapes, enter_ziggurat_a, hell_entry,
          pan_entry, nicolae_abyss_entry_one_way_or_another, hallowed_hall
Depths:4: evilmike_zot_entry_round, layout_cave_shapes, hell_entry,
          nicolae_gozag_seed_capital, minmay_shop_grove, serial_bayou_shore_b
Zot:1:    layout_concentric_octagons
Zot:2:    gammafunk_dig_for_victory, layout_gridlike
Zot:3:    hangedman_snap_crack_crunch, layout_concentric_octagons
Zot:4:    layout_cellular_growth, gammafunk_ghost_berserking_beasts,
          grunt_megastairs_2
Zot:5:    layout_misc_corridors

Skill      XL: |  1  2  3  4  5  6  7  8  9 10 11 12 13 14 15 16 17 18 19 20 21 22 23 24 25 26 27 |
---------------+----------------------------------------------------------------------------------+-----
Short Blades   | 2 6 9 11 | 11.0
Fighting       | 3 4 5 7 9 11 12 14 16 18 19 21 22 | 22.0
Stealth        | 4 5 7 8 9 |  9.0
Dodging        | 1 3 5 6 7 9 10 12 14 | 14.0
Shields        | 3 4 5 7 9 11 | 11.1
Armour         | 3 5 6 8 9 12 | 12.0
Evocations     | 3 5 6 7 9 |  9.0
Long Blades    | 5 7 10 12 13 | 13.9
Invocations    | 5 8 9 12 13 15 18 19 | 19.1
Spellcasting   | 3 5 6 7 8 9 11 12 | 12.0
Transmutations | 2 5 6 7 8 9 12 13 | 13.0
Translocations | 4 5 7 10 13 16 | 16.0
Conjurations   | 3 7 9 10 12 14 | 14.0
Throwing       | 4 5 |  5.7
Slings         | 2 |  2.3
Poison Magic   | 7 9 10 | 10.0

Action                   |  1- 3 |  4- 6 |  7- 9 | 10-12 | 13-15 | 16-18 | 19-21 | 22-24 | 25-27 || total
-------------------------+-------+-------+-------+-------+-------+-------+-------+-------+-------++-------
Melee: Dagger            |   135 |   118 |   102 |     3 |       |       |       |       |       ||   358
       Punch             |     1 |     1 |     1 |       |       |       |       |       |       ||     3
       Kick              |       |    10 |    48 |   138 |   534 |   855 |   586 |   500 |  2509 ||  5180
       Long sword        |       |       |    81 |   140 |    25 |       |       |       |       ||   246
       Scimitar          |       |       |       |   283 |  1112 |    26 |       |       |       ||  1421
       Unarmed           |       |       |       |     1 |       |       |       |       |       ||     1
       Rapier            |       |       |       |       |   146 |  1887 |  1330 |   622 |   156 ||  4141
       Bite              |       |       |       |       |       |       |       |    22 |       ||    22
       Quick blade       |       |       |       |       |       |       |       |   241 |  3847 ||  4088
       Demon blade       |       |       |       |       |       |       |       |       |    57 ||    57
 Fire: Hunting sling     |       |       |    22 |    59 |   294 |   151 |    73 |   107 |   500 ||  1206
Throw: Dart              |       |       |    10 |     9 |       |       |       |       |     2 ||    21
       Javelin           |       |       |       |       |       |       |       |       |     3 ||     3
 Cast: Wereblood         |       |       |       |     1 |     2 |     2 |     9 |     1 |     7 ||    22
       Lesser Beckoning  |       |       |       |       |       |     1 |     3 |       |     1 ||     5
       Blink             |       |       |       |       |       |     1 |       |     2 |     1 ||     4
       Irradiate         |       |       |       |       |       |       |    13 |    88 |    46 ||   147
       Olgreb's Toxic Ra |       |       |       |       |       |       |     6 |    12 |    15 ||    33
       Iskenderun's Myst |       |       |       |       |       |       |       |     7 |    14 ||    21
       Gell's Gravitas   |       |       |       |       |       |       |       |       |    10 ||    10
       Ignite Poison     |       |       |       |       |       |       |       |       |    15 ||    15
       Dispersal         |       |       |       |       |       |       |       |       |     4 ||     4
       Manifold Assault  |       |       |       |       |       |       |       |       |     2 ||     2
Invok: Draw Destruction  |       |       |       |     7 |    36 |    43 |    14 |    16 |    27 ||   143
       Draw Summoning    |       |       |       |    10 |     9 |     7 |     4 |     5 |    15 ||    50
       Draw Escape       |       |       |       |     1 |     4 |     3 |     4 |     2 |     5 ||    19
       Draw Stack        |       |       |       |       |     4 |     7 |     8 |     1 |    23 ||    43
       Stack Five        |       |       |       |       |     1 |     2 |     2 |     1 |     5 ||    11
       Deal Four         |       |       |       |       |     1 |       |       |     1 |     4 ||     6
       Triple Draw       |       |       |       |       |       |       |     1 |     2 |     3 ||     6
Evoke: Wand              |       |       |     3 |    10 |    10 |    13 |     9 |       |    14 ||    59
       Phial of floods   |       |       |       |       |       |       |     2 |       |       ||     2
       Condenser vane    |       |       |       |       |       |       |     1 |       |     4 ||     5
       Tin of tremorston |       |       |       |       |       |       |     2 |       |    10 ||    12
       Lightning rod     |       |       |       |       |       |       |       |       |     7 ||     7
       Piece from Xom's  |       |       |       |       |       |       |       |       |     1 ||     1
       Box of beasts     |       |       |       |       |       |       |       |       |     2 ||     2
       Phantom mirror    |       |       |       |       |       |       |       |       |     1 ||     1
  Use: Scroll            |     1 |     1 |       |    11 |    14 |    15 |     9 |    10 |    20 ||    81
       Potion            |       |       |       |     3 |     2 |     7 |    13 |     9 |    15 ||    49
 Stab: Sleeping          |     7 |     4 |     6 |     4 |     5 |    10 |     5 |     6 |     5 ||    52
       Distracted        |       |       |     1 |       |     5 |       |     1 |     1 |     4 ||    12
       Invisible         |       |       |       |       |     2 |       |       |       |       ||     2
       Petrified         |       |       |       |       |       |     2 |       |       |     4 ||     6
Armor: Robe              |     7 |       |       |       |       |       |       |       |       ||     7
       Leather armour    |    33 |       |       |       |       |       |       |       |       ||    33
       Ring mail         |    14 |    43 |    81 |   153 |   416 |   815 |   275 |   257 |    89 ||  2143
       Skin              |       |       |       |     2 |       |       |       |    30 |       ||    32
       Pearl dragon scal |       |       |       |       |       |       |       |       |  1036 ||  1036
Dodge: Dodged            |    77 |    48 |    97 |   163 |   495 |   776 |   312 |   310 |   759 ||  3037
Block: Buckler           |       |       |    45 |   321 |   895 |  1287 |   576 |   603 |  2048 ||  5775

Table legend: (Time is in decaauts)
 A = Elapsed time spent in this place.
 B = Non-inter-level travel time spent in this place.
 C = Inter-level travel time spent in this place.
 D = Time resting spent in this place.
 E = Time spent auto-exploring this place.
 F = Levels seen in this place.
 G = Mean time per level.
                   A        B        C        D        E       F      G
               +--------+--------+--------+--------+--------+-----+--------+
         Total | 105584 |  93129 |  12455 |  39084 |  29499 |  58 | 1820.4 |
       Dungeon |  25086 |  19895 |   5191 |   7805 |   8546 |  15 | 1672.4 |
        Temple |     86 |     77 |      9 |      0 |     69 |   1 |   86.0 |
          Lair |  16285 |  13521 |   2764 |   4663 |   3695 |   6 | 2714.2 |
         Swamp |  10166 |   9719 |    447 |   5545 |   2075 |   4 | 2541.5 |
   Spider Nest |   8391 |   7883 |    508 |   3992 |   2244 |   4 | 2097.8 |
    Slime Pits |   3321 |   3216 |    105 |   1722 |    181 |   5 |  664.2 |
  Orcish Mines |   2804 |   2128 |    676 |    724 |    801 |   2 | 1402.0 |
   Elven Halls |   5940 |   5583 |    357 |   2123 |   1942 |   3 | 1980.0 |
        Vaults |  11074 |  10148 |    926 |   4426 |   2885 |   4 | 2768.5 |
         Crypt |   7667 |   7340 |    327 |   2988 |   2080 |   3 | 2555.7 |
        Depths |   6412 |   5664 |    748 |   2232 |   2025 |   4 | 1603.0 |
           Zot |   7151 |   6758 |    393 |   2288 |   2757 |   5 | 1430.2 |
         Abyss |    784 |    784 |      0 |    277 |    196 |   1 |  784.0 |
        Bazaar |    411 |    411 |      0 |    297 |      0 |   1 |  411.0 |
               +--------+--------+--------+--------+--------+-----+--------+

Top non-repeatable levels by time:
  Lair:2: 4440 daAuts
  Lair:1: 4191 daAuts
Vaults:2: 3738 daAuts
 Swamp:3: 3550 daAuts
    D:12: 3443 daAuts
Vaults:1: 3200 daAuts
  Lair:5: 3082 daAuts
     D:8: 2988 daAuts
 Crypt:2: 2771 daAuts
 Swamp:2: 2665 daAuts
Spider:3: 2636 daAuts
 Crypt:3: 2495 daAuts
 Swamp:1: 2488 daAuts
    D:10: 2414 daAuts
 Crypt:1: 2400 daAuts
